Map: Dusk Towers

Players

UrsidBearMe (Seither)

  • Race: Terran Terran
  • League: Master

JonSnow - Winner!

  • Race: Zerg Zerg
  • League: Grandmaster

Event: SpawningTool Invitational 1

VOD

https://www.youtube.com/watch?v=y051JGJX31k

Description

Time

  • Played on: May 30, 2016, 5:21 p.m.
  • Length: 6:50

All games in this series

Show
View Real Time Build Order
Export as new Build Order

UrsidBearMe Terran 

Build Orders: Reaper Expand 

Get SALT Encoding   

  12  0:00  SCV  
  13  0:13  SCV  
  14  0:18  Supply Depot  
  14  0:25  SCV  
  15  0:40  SCV  
  15  0:41  Barracks  
  16  0:45  Refinery  
  16  0:52  SCV  
  18  1:04  SCV  
  18  1:16  SCV  
  19  1:30  Reaper, Orbital Command  
  20  1:41  Command Center  
  20  1:50  Supply Depot  
  20  1:56  SCV  
  21  2:02  Marine  
  21  2:08  SCV  
  23  2:12  Factory, Refinery  
  23  2:20  SCV  
  24  2:24  Barracks Reactor  
  24  2:32  SCV  
  25  2:44  SCV  
  26  2:53  Orbital Command  
  26  2:56  SCV  
  26  2:57  Starport  
  27  3:04  Widow Mine x2  
  31  3:07  Marine  
  31  3:08  SCV  
  33  3:20  SCV  
  33  3:21  SCV  
  33  3:24  Supply Depot  
  33  3:25  Marine  
  36  3:32  SCV  
  36  3:33  Refinery, SCV, Widow Mine x2  
  42  3:43  Marine, Medivac  
  42  3:45  SCV  
  42  3:47  SCV  
  47  3:52  Supply Depot  
  46  3:57  SCV  
  46  3:59  SCV  
  48  4:09  Command Center, SCV  
  49  4:10  Liberator x2  
  49  4:11  SCV  
  49  4:12  Barracks Tech Lab  
  50  4:19  Supply Depot  
  50  4:21  SCV  
  50  4:24  SCV  
  52  4:30  Marine  
  59  4:31  Stimpack  
  59  4:33  SCV  
  59  4:36  SCV  
  61  4:41  Factory Reactor  
  61  4:43  Supply Depot  
  61  4:45  SCV  
  62  4:48  Marine, SCV  
  64  4:56  Liberator x2  
  64  4:57  SCV  
  61  5:00  SCV  
  61  5:06  Marine  
  63  5:07  Barracks  
  63  5:08  Barracks  
  63  5:09  SCV  
  63  5:10  Supply Depot  
  63  5:12  SCV  
  69  5:17  Refinery  
  69  5:21  SCV  
  69  5:23  Orbital Command  
  69  5:24  SCV  
  69  5:25  Factory Reactor  
  69  5:28  Marine  
  70  5:36  Engineering Bay, SCV x2  
  70  5:37  Engineering Bay  
  72  5:45  Marine  
  72  5:48  SCV x2, Orbital Command  
  75  5:53  Barracks  
  75  5:55  Barracks  
  75  6:00  SCV x2  
  81  6:13  SCV  
  81  6:14  SCV, Factory Tech Lab  
  83  6:23  Marine x2  
  83  6:24  Marine x3  
  84  6:27  SCV x3  
Show
View Real Time Build Order
Export as new Build Order

JonSnow Zerg - Winner!

Build Orders: Hatch First 

Get SALT Encoding   

  12  0:01  Drone  
  13  0:13  Overlord  
  13  0:18  Drone  
  14  0:31  Drone x2  
  17  0:35  Drone  
  17  0:55  Hatchery  
  17  0:56  Drone  
  17  1:07  Drone  
  17  1:10  Extractor, Drone  
  18  1:16  Spawning Pool  
  17  1:22  Overlord  
  17  1:29  Drone  
  18  1:39  Drone  
  19  2:03  Queen  
  19  2:04  Zergling x4  
  19  2:08  Zergling x2, Queen  
  25  2:11  Metabolic Boost  
  25  2:13  Drone  
  27  2:23  Drone x2  
  29  2:30  Drone  
  31  2:37  Drone  
  31  2:39  Queen  
  31  2:43  Drone  
  31  2:44  Drone  
  35  2:50  Overlord  
  35  2:54  Overlord  
  35  3:04  Overlord  
  35  3:12  Drone x5  
  40  3:19  Drone x3  
  44  3:20  Drone  
  44  3:28  Hatchery  
  44  3:29  Drone x2  
  45  3:47  Overlord  
  45  3:50  Overlord x2, Extractor  
  45  3:51  Roach Warren, Extractor  
  45  3:53  Drone  
  45  3:55  Spore Crawler  
  42  3:57  Overlord  
  42  3:59  Drone  
  42  4:01  Drone  
  44  4:11  Drone  
  44  4:12  Drone x4  
  49  4:18  Drone  
  51  4:24  Drone  
  51  4:31  Roach x6  
  63  4:39  Roach x2  
  67  4:46  Roach  
  67  4:48  Spore Crawler  
  67  5:03  Drone x2  
  67  5:04  Drone  
  67  5:05  Roach x2, Drone  
  67  5:06  Roach x4  
  82  5:10  Ravager  
  82  5:11  Overlord, Ravager  
  84  5:20  Overlord  
  83  5:29  Roach x3  
  83  5:30  Zergling x2, Roach x2  
  94  5:36  Zergling x6  
  94  5:39  Overlord  
  97  5:46  Zergling x10  
  102  5:54  Zergling x2  
  103  5:59  Spore Crawler  
  103  6:00  Ravager x3  
  103  6:01  Ravager  
  106  6:05  Zergling x6  
  106  6:06  Zergling x6  
  106  6:09  Ravager  
  106  6:11  Zergling x6  
  114  6:15  Zergling x6  
  119  6:24  Zergling x2  
  119  6:25  Zergling x4  
  107  6:35  Ravager  
  107  6:36  Ravager  
  107  6:39  Extractor  
Tags
 
Add a new tag
Caveats
  • Supply blocks, unpowered buildings, or Contaminate may cause inaccurate times.
  • Supply counts are checked every 10 seconds.